 Dungeon Crawl Stone Soup version 0.26-a0-451-gacbe401039 (webtiles) character file.

Game seed: 10341765847111369763

100 JamesBald the Conjurer (level 5, -12/35 HPs)
             Began as a Human Conjurer on July 28, 2020.
             Killed by divine providence
             ... invoked by an orc priest
              (16 damage)
             ... on level 3 of the Dungeon.
             The game lasted 00:06:10 (2777 turns).

JamesBald the Conjurer (Human Conjurer)             Turns: 2777, Time: 00:06:11

Health: -12/35     AC:  3    Str:  8    XL:     5   Next: 3%
Magic:  2/9        EV: 12    Int: 18    God:
Gold:   136        SH:  0    Dex: 12    Spells: 6/9 levels left

rFire    . . .     SeeInvis .   i - +1 dagger (venom)
rCold    . . .     Faith    .   (no shield)
rNeg     . . .     Spirit   .   a - +0 robe
rPois    .         Reflect  .   (no helmet)
rElec    .         Harm     .   k - +0 cloak
rCorr    .                      (no gloves)
MR       .....                  (no boots)
Stlth    ++........             (no amulet)
HPRegen  0.11/turn              (no ring)
MPRegen  0.11/turn              (no ring)

@: no status effects
A: no striking features
a: no special abilities


You were on level 3 of the Dungeon.
You visited 1 branch of the dungeon, and saw 3 of its levels.

You collected 136 gold pieces.

Inventory:

Hand Weapons
 b - a +0 whip
 e - a +0 short sword
 i - a +1 dagger of venom (weapon)
Missiles
 n - 2 throwing nets (quivered)
Armour
 a - a +0 robe (worn)
 f - a +0 chain mail
 k - a +0 cloak (worn)
Jewellery
 m - an uncursed amulet of guardian spirit {unknown}
Scrolls
 c - a scroll of identify {unknown}
 d - a scroll of enchant weapon {unknown}
 g - a scroll of enchant armour {unknown}
 h - 3 scrolls of blinking {unknown}
 l - a scroll of remove curse {unknown}
 r - 3 scrolls of random uselessness {unknown}
Potions
 j - a potion of brilliance {unknown}
 o - 2 potions of heal wounds {unknown}
 p - a potion of curing {unknown}
 q - a potion of haste {unknown}
 s - a potion of invisibility {unknown}
 t - 2 potions of magic {unknown}


   Skills:
 + Level 0.8 Short Blades
 + Level 2.2 Dodging
 + Level 2.5 Stealth
 * Level 2.9 Spellcasting
 * Level 4.9 Conjurations


You had 6 spell levels left.
You knew the following spells:

 Your Spells              Type           Power        Failure   Level
a - Magic Dart            Conj           ###.         2%          1
b - Searing Ray           Conj           ###...       3%          2

Your spell library contained the following spells:

 Spells                   Type           Power        Failure   Level
 Dazzling Flash           Conj/Hex       ##....       19%         3
 Fulminant Prism          Conj/Hex       ##........   52%         4
 Iskenderun's Mystic Bla  Conj/Tloc      ##......     52%         4


Dungeon Overview and Level Annotations

Branches:
Dungeon (3/15)

Altars:
Dithmenos


Message History

The orc priest looks braver for a moment.
You hit the orc priest.
The orc priest looks as sick as possible!
The orc priest is moderately wounded.
The orc priest closely misses you.
You hit the orc priest.
The orc priest looks as sick as possible!
The orc priest is heavily wounded.
The orc priest barely misses you.
You hit the orc priest.
The orc priest is severely wounded.
The orc priest invokes the aid of Beogh against you.
Beogh smites you!
* * * LOW HITPOINT WARNING * * *
You closely miss the orc priest.
The orc priest is almost dead.
The orc barely misses you.
The orc priest calls down the wrath of Beogh upon you.
Beogh smites you!
You die...

#### #.#.#..#
#.#.#..#
##.#.#.. #
#....#.. .#
#....#.##)####.
#.>....@o......
####.#..o<####.
#........#
######.######.#
#........# #
#.####.#.#
#.#.#..#.#
#.#.#..#.#
#†#....#.#


You could see an orc priest (extremely poisoned) and an orc.

Vanquished Creatures
  A bullfrog skeleton (D:2)
  2 adders (D:2)
  2 dart slugs (D:2)
  A leopard gecko (D:1)
  3 orcs (D:3)
  3 ball pythons
  5 bats
  3 giant cockroaches
  4 goblins
  5 hobgoblins
  3 jackals (D:1)
  4 frilled lizards (D:1)
  2 kobolds (D:1)
  7 rats
45 creatures vanquished.

Notes
Turn   | Place    | Note
-------+----------+-------------------------------------------
     0 | D:1      | JamesBald the Human Conjurer began the quest for the Orb.
     0 | D:1      | Reached XP level 1. HP: 13/13 MP: 3/3
   337 | D:1      | Reached XP level 2. HP: 9/19 MP: 1/5
   501 | D:1      | Learned a level 2 spell: Searing Ray
   813 | D:1      | Reached XP level 3. HP: 17/24 MP: 3/6
  1922 | D:2      | Found a shadowy altar of Dithmenos.
  2034 | D:2      | Reached XP level 4. HP: 30/30 MP: 2/7
  2761 | D:3      | Reached XP level 5. HP: 35/35 MP: 2/9
  2777 | D:3      | Killed from afar by an orc priest

Illustrated notes

Levels and vault maps discovered:
D:1:      minmay_arrival_arboretum_small, layout_basic, serial_curves,
          eino_curves_02, eino_curves_04, minivault_5, grunt_decor_clamped
D:2:      layout_loops_ring, grunt_dithmenos_smoke
D:3:      gammafunk_steamed_eel, layout_basic,
          chequers_temple_overflow_statue_of_worship

Action                   |  1- 3 |  4- 6 || total
-------------------------+-------+-------++-------
Melee: Short sword       |     7 |       ||     7
       Dagger            |    32 |     8 ||    40
 Cast: Magic Dart        |     9 |       ||     9
       Searing Ray       |    26 |    14 ||    40
Armor: Robe              |     7 |     1 ||     8
Dodge: Dodged            |    29 |    13 ||    42

Table legend: (Time is in decaauts)
 A = Elapsed time spent in this place.
 B = Non-inter-level travel time spent in this place.
 C = Inter-level travel time spent in this place.
 D = Time resting spent in this place.
 E = Time spent auto-exploring this place.
 F = Levels seen in this place.
 G = Mean time per level.
                   A        B        C        D        E       F      G
               +--------+--------+--------+--------+--------+-----+--------+
         Total |   2775 |   2639 |    136 |    983 |   1239 |   3 |  925.0 |
       Dungeon |   2775 |   2639 |    136 |    983 |   1239 |   3 |  925.0 |
               +--------+--------+--------+--------+--------+-----+--------+

Top non-repeatable levels by time:
     D:1: 1547 daAuts
     D:2: 1018 daAuts
     D:3: 209 daAuts
